 Dungeon Crawl Stone Soup version 0.31-a0-210-gccc998df9b (webtiles) character file.

Game seed: 14729998354458176920

532 qw the Shooter (level 7, -8/59 HPs)
             Began as a Minotaur Hexslinger on June 29, 2023.
             Mangled by Pikel
             ... wielding a +2 whip of electrocution
              (16 damage)
             ... on level 5 of the Dungeon.
             The game lasted 00:01:44 (4099 turns).

qw the Shooter (Minotaur Hexslinger)                Turns: 4099, Time: 00:01:45

Health: -8/59      AC:  6    Str: 13    XL:     7   Next: 3%
Magic:  7/7        EV: 12    Int: 10    God:
Gold:   172        SH:  0    Dex: 14    Spells: 7/8 levels left

rFire   + . .        Y - +2 sling
rCold   . . .        (no shield)
rNeg    . . .        c - +3 leather armour {rF+}
rPois   .            (helmet restricted)
rElec   .            (no cloak)
rCorr   .            (no gloves)
SInv    .            (no boots)
Will    .....        (no amulet)
Stlth   +            (no ring)
HPRegen 0.29/turn    (no ring)
MPRegen 0.10/turn

%: no passive effects
@: no status effects
A: horns 2, retaliatory headbutt
a: no special abilities


You were on level 5 of the Dungeon.
You visited 1 branch of the dungeon, and saw 5 of its levels.
You also visited: Sewer.

You collected 172 gold pieces.


Innate Abilities, Weirdness & Mutations

You have a pair of horns on your head.
You reflexively headbutt those who attack you in melee.


   Skills:
 - Level 4.0 Fighting
 + Level 7.5 Ranged Weapons
 - Level 1.2 Armour
 - Level 2.1 Dodging
 - Level 1.0 Spellcasting
 - Level 2.0 Hexes


You had 7 spell levels left.
You knew the following spells:

 Your Spells              Type           Power      Damage    Failure   Level
a - Slow                  Hex            16%        N/A       19%         1

Your spell library contained the following spells:

 Spells                   Type           Power      Damage    Failure   Level
 Inner Flame              Hex/Fire       2%         N/A       65%         3
 Portal Projectile        Hex/Tloc       4%         N/A       65%         3
 Cause Fear               Hex            2%         N/A       88%         4

Inventory:

Hand Weapons
 Y - a +2 sling (weapon)
Armour
 c - a +3 leather armour of fire resistance (worn)
Scrolls
 a - a scroll of identify
 i - 3 scrolls of enchant armour
Potions
 b - a potion of haste
 e - a potion of magic {unknown}
 g - a potion of degeneration {unknown}
 h - a potion of might {unknown}
 j - a potion of invisibility {unknown}

Dungeon Overview and Level Annotations

Branches:
Dungeon (5/15)              Sewer (visited)
 Temple: D:4-7

Altars:
Zin

Annotations:
D:5 Pikel


Message History

Pikel misses you.
A lemure comes into view.
Pikel says, "You'll feel the lick of my whip!"
Pikel hits you with a +2 whip of electrocution.
You shoot a sling bullet. The sling bullet hits Pikel.
Pikel is lightly wounded.
Pikel zaps a wand.
The bolt of light misses you. The lemure barely misses you.
You furiously retaliate!
You headbutt the lemure. You shoot a sling bullet. The sling bullet hits Pikel.
Pikel is lightly wounded.
Pikel hits you but does no damage. The lemure hits you.
Pikel zaps a wand.
The bolt of light hits you!
You are confused.
The now-empty wand crumbles to dust.
The lemure closely misses you.
You hear a shout!
4094 ||| DRINKING potion of curing.
You feel better.
4094 ||| (to cure confusion) Pikel hits you with a +2 whip of electrocution.
Pikel waves his whip at you. Pikel barely misses you.
The lemure barely misses you.
You shoot a sling bullet. The sling bullet barely misses Pikel.
Pikel hits you with a +2 whip of electrocution.
You are electrocuted!
The lemure hits you but does no damage.
You shoot a sling bullet.
The sling bullet hits Pikel but does no damage.
Pikel is lightly wounded.
Pikel closely misses you.
Pikel hits you with a +2 whip of electrocution.
The lemure barely misses you.
You shoot a sling bullet. The sling bullet hits Pikel.
Pikel is lightly wounded.
Pikel closely misses you. The lemure hits you!
You shoot a sling bullet.
The sling bullet hits Pikel but does no damage.
Pikel is lightly wounded.
Pikel barely misses you. Pikel misses you. The lemure barely misses you.
You shoot a sling bullet. The sling bullet closely misses Pikel.
Pikel hits you with a +2 whip of electrocution.
You are electrocuted!
You die...

.. ....##### ...555K.#
#@#### #5)..# .
#....#######
..##....##8.#A#
.........#..###
..###.....'....# .
#..#...#....# ..
#.###.##8.._#######
...####.##..########.....


You could see Pikel (fast) and 4 lemures.

Vanquished Creatures
  An ogre (D:5)
  A scorpion (D:4)
  2 jellies (Sewer)
  2 hounds
  An orc wizard (D:3)
  2 gnolls (D:5)
  5 adders
  2 river rats (Sewer)
  5 worms
  3 dart slugs
  22 orcs
  6 ball pythons
  12 endoplasms
  20 giant cockroaches
  6 goblins
  5 hobgoblins
  A jackal (D:1)
  3 quokkas
  2 bats (D:1)
  6 frilled lizards
  6 kobolds
  5 rats
118 creatures vanquished.

Notes
Turn   | Place    | Note
-------+----------+-------------------------------------------
     0 | D:1      | qw the Minotaur Hexslinger began the quest for the Orb.
     0 | D:1      | Reached XP level 1. HP: 16/16 MP: 1/1
     0 | D:1      | 0 ||| qw: Version: 0.3-a-24-g62f9e04
     0 | D:1      | 0 ||| qw: Game counter: 6725
     0 | D:1      | 0 ||| qw: Melee chars always use a shield: true
     0 | D:1      | 0 ||| qw: God list: Okawaru
     0 | D:1      | 0 ||| qw: Allow faded altars: false
     0 | D:1      | 0 ||| qw: Do Orc after clearing Dungeon:15 true
     0 | D:1      | 0 ||| qw: Do second Lair branch before Depths: true
     0 | D:1      | 0 ||| qw: Lair rune preference: random
     0 | D:1      | 0 ||| qw: Goals: Normal
     0 | D:1      | 0 ||| PLANNING D:1-11
   267 | D:1      | Reached skill level 3 in Ranged Weapons
   267 | D:1      | Reached XP level 2. HP: 14/23 MP: 2/2
   716 | D:1      | 716 ||| UPGRADING to +0 ring mail.
   726 | D:1      | 726 ||| DROPPING +0 robe.
   727 | D:1      | 727 ||| READING 2 scrolls labelled PADOUNEICW.
   728 | D:1      | 728 ||| DROPPING scroll of poison.
   961 | D:2      | Reached XP level 3. HP: 29/29 MP: 3/3
  1292 | D:2      | 1292 ||| DRINKING 2 smoky yellow potions.
  1293 | D:2      | 1293 ||| READING 2 scrolls of identify.
  1293 | D:2      | 1293 ||| IDENTIFYING silvery potion
  1294 | D:2      | 1294 ||| DROPPING potion of lignification.
  1341 | D:3      | 1341 ||| PLANNING SEWER
  1457 | D:3      | Reached skill level 4 in Ranged Weapons
  1517 | D:3      | Reached skill level 1 in Armour
  1543 | D:3      | Reached XP level 4. HP: 36/36 MP: 4/4
  1615 | D:3      | HP: 7/36 [orc/+0 flail (6)]
  1616 | D:3      | HP: 3/36 [orc/+0 whip (4)]
  1778 | D:3      | Found a glowing drain.
  1779 | D:3      | 1779 ||| UPGRADING to +3 leather armour of fire resistance.
  1789 | D:3      | 1789 ||| DROPPING +0 ring mail.
  1790 | D:3      | 1790 ||| READING scroll labelled YNAOCUNN CAFEM.
  1792 | D:3      | 1792 ||| READING scroll labelled TEGROI CUVYTY.
  1801 | D:3      | 1801 ||| Stepping ~*~*~tactically~*~*~ (water).
  1804 | Sewer    | Entered a sewer
  1833 | Sewer    | Reached skill level 5 in Ranged Weapons
  1896 | Sewer    | 1896 ||| Stepping ~*~*~tactically~*~*~ (water).
  1910 | Sewer    | 1910 ||| Stepping ~*~*~tactically~*~*~ (water).
  1924 | Sewer    | 1924 ||| Stepping ~*~*~tactically~*~*~ (water).
  1953 | Sewer    | 1953 ||| Stepping ~*~*~tactically~*~*~ (water).
  1955 | Sewer    | 1955 ||| Stepping ~*~*~tactically~*~*~ (water).
  1959 | Sewer    | Reached skill level 3 in Fighting
  1959 | Sewer    | Reached XP level 5. HP: 38/45 MP: 5/5
  1984 | Sewer    | Found a viscous altar of Jiyva.
  1990 | Sewer    | 1990 ||| Stepping ~*~*~tactically~*~*~ (water).
  2035 | Sewer    | 2035 ||| Stepping ~*~*~tactically~*~*~ (water).
  2104 | Sewer    | 2104 ||| READING scroll labelled MURECA KYRCH.
  2105 | Sewer    | 2105 ||| READING scroll labelled HUXUNI ODIUBOGG.
  2106 | Sewer    | 2106 ||| DRINKING 2 bubbling red potions.
  2107 | Sewer    | 2107 ||| DROPPING potion of brilliance.
  2121 | D:3      | 2121 ||| PLANNING D:1-11
  2143 | D:3      | 2143 ||| STAIRDANCE
  2147 | D:3      | 2147 ||| STAIRDANCE
  2151 | D:3      | 2151 ||| STAIRDANCE
  2155 | D:3      | 2155 ||| STAIRDANCE
  2159 | D:3      | 2159 ||| STAIRDANCE
  2163 | D:3      | 2163 ||| STAIRDANCE
  2167 | D:3      | 2167 ||| STAIRDANCE
  2171 | D:3      | 2171 ||| STAIRDANCE
  2175 | D:3      | 2175 ||| STAIRDANCE
  2179 | D:3      | 2179 ||| STAIRDANCE
  2183 | D:3      | 2183 ||| STAIRDANCE
  2187 | D:3      | 2187 ||| STAIRDANCE
  2191 | D:3      | 2191 ||| STAIRDANCE
  2195 | D:3      | 2195 ||| STAIRDANCE
  2199 | D:3      | 2199 ||| STAIRDANCE
  2203 | D:3      | 2203 ||| STAIRDANCE
  2207 | D:3      | 2207 ||| STAIRDANCE
  2211 | D:3      | 2211 ||| STAIRDANCE
  2215 | D:3      | 2215 ||| STAIRDANCE
  2219 | D:3      | 2219 ||| STAIRDANCE
  2872 | D:2      | 2872 ||| READING 3 scrolls of identify.
  2872 | D:2      | 2872 ||| IDENTIFYING red potion
  2873 | D:2      | 2873 ||| READING 2 scrolls of identify.
  2873 | D:2      | 2873 ||| IDENTIFYING bubbling purple potion
  2874 | D:2      | 2874 ||| DROPPING potion of attraction.
  2960 | D:3      | 2960 ||| Stepping ~*~*~tactically~*~*~ (outnumbered).
  2967 | D:3      | Reached skill level 6 in Ranged Weapons
  2972 | D:3      | Reached XP level 6. HP: 46/52 MP: 6/6
  3755 | D:4      | HP: 13/52 [poisoned by a scorpion]
  3760 | D:4      | HP: 10/52 [poisoned by a scorpion]
  3934 | D:4      | 3934 ||| READING scroll labelled GALEED NIHEVYU.
  3972 | D:5      | Entered Level 5 of the Dungeon
  4027 | D:5      | Found a glowing silver altar of Zin.
  4027 | D:5      | Noticed an angel
  4045 | D:5      | Reached skill level 7 in Ranged Weapons
  4049 | D:5      | 4049 ||| Stepping ~*~*~tactically~*~*~ (outnumbered).
  4063 | D:5      | Reached XP level 7. HP: 53/59 MP: 7/7
  4085 | D:5      | Noticed Pikel
  4094 | D:5      | 4094 ||| DRINKING potion of curing.
  4094 | D:5      | 4094 ||| (to cure confusion)
  4097 | D:5      | HP: 11/59 [lemure[Pikel] (8)]
  4099 | D:5      | Mangled by Pikel

Levels and vault maps discovered:
D:1:      dpeg_arrival_circle_labyrinth_c, layout_rooms, hangedman_decor_push,
          st_stairs_8
D:2:      layout_basic
D:3:      minmay_roachtagon, layout_rooms, cheibrodos_sewer_entry_drain,
          kennysheep_generic_room_8
D:4:      layout_loops_cross
D:5:      layout_rooms, riverfiend_overflow_shadow_ancestor, zin_angel,
          minmay_temple_entry_mini_moons, kennysheep_generic_room_11,
          uniq_pikel, uniq_menkaure, uniq_edmund

Skill      XL: |  1  2  3  4  5  6 |
---------------+-------------------+-----
Ranged Weapons | 3 4 5 6 7 |  7.5
Fighting       | 2 3 4 |  4.0
Armour         | 1 |  1.2
Dodging        | |  2.1
Spellcasting   | |  1.0
Hexes          | |  2.0

Action                     |  1- 3 |  4- 6 |  7- 9 || total
---------------------------+-------+-------+-------++-------
   Fire: Sling             |   137 |   261 |    18 ||   416
    Use: Scroll            |     2 |     7 |       ||     9
         Potion            |     1 |     1 |     1 ||     3
 Armour: Robe              |     7 |       |       ||     7
         Ring mail         |    15 |    15 |       ||    30
         Leather armour    |       |    32 |     3 ||    35
  Dodge: Dodged            |    41 |    73 |    15 ||   129

Table legend:
 A = Non-vault XP
 B = Vault XP
 C = Vault XP percentage of total XP
 D = Non-vault monster count
 E = Vault monster count
 F = Vault count percentage of total count
                 A         B        C        D         E       F
            +---------+---------+-------+---------+---------+-------
      Total |     549 |     211 |  27.8 |      82 |      36 |  30.5
            +---------+---------+-------+---------+---------+-------
        D:1 |      35 |       4 |  10.3 |      21 |       2 |   8.7
        D:2 |      33 |       0 |   0.0 |      12 |       0 |   0.0
        D:3 |     136 |      66 |  32.7 |      23 |      13 |  36.1
        D:4 |     133 |       0 |   0.0 |      16 |       0 |   0.0
        D:5 |     212 |       0 |   0.0 |      10 |       0 |   0.0
      Sewer |       0 |     141 | 100.0 |       0 |      21 | 100.0
            +---------+---------+-------+---------+---------+-------
